Unix NetHack Version 5.0.0-0 post-release - last build Jul 19 2026 19:10:59 (3aa4ab31751d3886436d94b585a96704892fd477,branch:main).

Game began 2026-07-25 01:45:56, ended 2026-07-25 01:53:58.

Jinnora, neutral female human Tourist

                                                ----------
                                               #.........|        -----------
                     --------#-----            #|........|        ..........|
                     |.............#############|........|        |.......<.|
                     |............|   ####`### #----------        ..........|
                     |.............  #`###################        --.--------
                     |............|        ###       ####           #
                     -----+-.------       ##            ##       ####
                                         ##              #      ##
                             --         ##               ##########
                              $        ##                     ##  #
                           .. .       ##                      #   #
                           ... .--|  ##               --------.---.---
                            -..... |##                |..............|
                               .v..|#                 |.......(......|
                            |.......#                 |..............|
                            --------                  |..............|
                                                      ----------------

Jinnora the Rambler         St:12 Dx:11 Co:18 In:12 Wi:8 Ch:15  Neutral
Dlvl:3  $:949 HP:0(10) Pw:2(2) AC:10 Xp:1/9 T:1565 

Latest messages:
 You hear some noises.
 The housecat bites it.
 Your housecat eats a gecko corpse.
 You attack thin air.
 You swap places with your housecat.
 You hear water falling on coins.
 The fox bites!
 The fox bites!
 The housecat bites the fox.
 The fox is killed!
 The housecat misses the grid bug.
 The housecat bites it.
 It misses the housecat.
 The housecat misses the grid bug.
 You swap places with your housecat.
 You hit the grid bug.
 The grid bug bites!
 You get zapped!
 You try to move the boulder, but in vain.
 The housecat bites the grid bug.
 The grid bug is killed!
 You hit the newt.
 The newt bites!
 The housecat misses the newt.
 The housecat misses it.
 The housecat misses it.
 The housecat bites it.
 Your housecat eats a newt corpse.
 You swap places with your housecat.
 You swap places with your housecat.
 You already found a monster.  Use 'm' prefix to force another search.
 It misses the newt.
 You already found a monster.  Use 'm' prefix to force another search.
 You attack thin air.
 It misses the newt.
 It misses the newt.
 You hear some noises.
 You hear some noises in the distance.
 The fog cloud wakes up!
 The fog cloud engulfs you!
 You are laden with moisture and can barely breathe!
 You are enveloped in a cloud of steam!
 You hit the fog cloud.
 You hit the fog cloud.
 You hit the fog cloud.
 You hit the fog cloud.
 You hit the fog cloud.
 You are laden with moisture and can barely breathe!
 You die...
 Do you want your possessions identified? [ynq] (y) q

Inventory:
 Coins    ('$')
  $ - 949 gold pieces
 Weapons  (')')
  C - 6 uncursed +0 elven arrows
  x - 3 uncursed +3 darts
  a - 34 uncursed +2 darts (at the ready)
 Armor    ('[')
  i - an uncursed +0 Hawaiian shirt with a sea turtle motif (being worn)
 Comestibles  ('%')
  c - an uncursed apple
  f - an uncursed banana
  y - an uncursed cram ration
  b - 6 uncursed food rations
  m - an uncursed fortune cookie
  e - an uncursed pancake
  d - 2 uncursed eggs
  q - 2 uncursed lichen corpses
 Scrolls  ('?')
  o - a blessed scroll of destroy armor
  p - an uncursed scroll of enchant armor
  r - an uncursed scroll of identify
  B - a cursed scroll of identify
  h - 5 uncursed scrolls of magic mapping
 Potions  ('!')
  n - a cursed potion of blindness
  g - 2 uncursed potions of extra healing
  D - 3 uncursed potions of healing
  v - an uncursed potion of see invisible
 Wands    ('/')
  A - an uncursed wand of light (0:13)
  z - an uncursed wand of secret door detection (0:11)
 Tools    ('(')
  k - an uncursed credit card
  j - an uncursed expensive camera (0:50)
  s - an uncursed oil lamp
  u - an uncursed tin whistle
 Gems/Stones  ('*')
  t - an uncursed jasper stone

Jinnora the Tourist's attributes:

Background:
 You were a Rambler, a level 1 female human Tourist.
 You were neutral, on a mission for The Lady
 who was opposed by Blind Io (lawful) and Offler (chaotic).
 You were right-handed.
 You were in the Dungeons of Doom, on level 3.
 You entered the dungeon 1565 turns ago.
 It was nighttime.
 You had 9 experience points, 11 more were needed to attain level 2.

Basics:
 You had 0 out of 10 hit points.
 You had both energy points (spell power).
 Your armor class was 10.
 Your wallet contained 949 zorkmids.
 Autopickup was off.

Final Characteristics:
 Your strength was 12 (limit:18/100).
 Your dexterity was 11 (limit:18).
 Your constitution was 18 (limit:18).
 Your intelligence was 12 (limit:18).
 Your wisdom was 8 (limit:18).
 Your charisma was 15 (limit:18).

Final Status:
 You were engulfed by the fog cloud.
 You weren't hungry.
 You were unencumbered.
 You were bare handed.
 You were unskilled in bare handed combat.

Final Attributes:
 You were stridently aligned.
 You are dead.

Miscellaneous:
 You didn't encounter any bones levels.
 Total elapsed playing time was 8 minutes and 2 seconds.

Major events:
 Turn
    1: Jinnora the neutral female human Tourist entered the dungeon
  893: entered the Gnomish Mines
 1565: killed by a fog cloud

You didn't know any spells.

Skills:
 Fighting Skills
   bare handed combat [Unskilled]
   two weapon combat  [Unskilled]
   riding             [Unskilled]
 Weapon Skills
   dagger             [Unskilled]
   knife              [Unskilled]
   axe                [Unskilled]
   pick-axe           [Unskilled]
   short sword        [Unskilled]
   broadsword         [Unskilled]
   long sword         [Unskilled]
   two-handed sword   [Unskilled]
   saber              [Unskilled]
   mace               [Unskilled]
   morning star       [Unskilled]
   flail              [Unskilled]
   hammer             [Unskilled]
   quarterstaff       [Unskilled]
   polearms           [Unskilled]
   spear              [Unskilled]
   trident            [Unskilled]
   lance              [Unskilled]
   bow                [Unskilled]
   sling              [Unskilled]
   crossbow           [Unskilled]
   dart               [Basic]
   shuriken           [Unskilled]
   boomerang          [Unskilled]
   whip               [Unskilled]
   unicorn horn       [Unskilled]
 Spellcasting Skills
   divination spells  [Unskilled]
   enchantment spells [Unskilled]
   escape spells      [Unskilled]

Voluntary challenges:
 Character rerolling was not enabled.
 You followed a strict vegan diet.
 You never hit with a wielded weapon.
 You never genocided any monsters.
 You never polymorphed an object.
 You never changed form.
 You used no wishes.
Achievements:
 You entered a shop.
 You entered the Gnomish Mines.

 The Dungeons of Doom: levels 1 to 3
    Level 1:
       A fountain.
    Level 2:
       A general store, many altars, a fountain.
       Stairs down to The Gnomish Mines.
    Level 3: <- You were here.
       A fountain.
       Final resting place for
          you, killed by a fog cloud.
 The Gnomish Mines:
    Level 3:


Vanquished creatures:
 an acid blob
  a gnome zombie
  2 geckos
  2 jackals
  2 foxes
  3 kobolds
  a goblin
  a sewer rat
  4 grid bugs
  5 lichens
  4 kobold zombies
  4 newts
30 creatures vanquished.

No species were genocided or became extinct.

Game over:
                       ----------
                      /          \
                     /    REST    \
                    /      IN      \
                   /     PEACE      \
                  /                  \
                  |     Jinnora      |
                  |      949 Au      |
                  | killed by a fog  |
                  |      cloud       |
                  |                  |
                  |                  |
                  |       2026       |
                 *|     *  *  *      | *
        _________)/\\_//(\/(/\)/\//\/|_)_______

Aloha Jinnora the Tourist...

You died in The Dungeons of Doom on dungeon level 3 with 254 points,
and 949 pieces of gold, after 1565 moves.
You were level 1 with a maximum of 10 hit points when you died.

